 Dungeon Crawl Stone Soup version 0.30-a0-743-gbfdf073431 (webtiles) character file.

Game seed: 5080332306486152975

50 LennaLeFay the Grave Robber (level 3, 0/20 HPs)
             Began as a Deep Elf Necromancer on Feb 6, 2023.
             Slain by a worm (7 damage)
             ... on level 2 of the Dungeon.
             The game lasted 00:07:31 (1214 turns).

LennaLeFay the Grave Robber (Deep Elf Necromancer)  Turns: 1214, Time: 00:07:32

Health: 0/20       AC:  2    Str:  5    XL:     3   Next: 55%
Magic:  3/10       EV: 12    Int: 21    God:
Gold:   89         SH:  0    Dex: 15    Spells: 6/9 levels left

rFire   . . .      SeeInvis .    f - +2 dagger (flame)
rCold   . . .      Faith    .    (no shield)
rNeg    . . .      Spirit   .    a - +0 robe
rPois   .          Reflect  .    (no helmet)
rElec   .          Harm     .    (no cloak)
rCorr   .          Rampage  .    (no gloves)
Will    .....                    (no boots)
Stlth   ++                       (no amulet)
HPRegen 0.23/turn                (no ring)
MPRegen 0.12/turn                (no ring)

@: no status effects
A: no striking features
a: no special abilities


You were on level 2 of the Dungeon.
You visited 1 branch of the dungeon, and saw 2 of its levels.

You collected 89 gold pieces.

Inventory:

Hand Weapons
 f - a +2 dagger of flaming (weapon)
Armour
 a - a +0 robe (worn)
Magical Staves
 e - a staff of air
Jewellery
 g - a ring of ice
Scrolls
 c - 2 scrolls of poison {unknown}
 h - a scroll of fear {unknown}
 i - a scroll of vulnerability {unknown}
Potions
 b - a potion of magic
 d - a potion of resistance {unknown}


   Skills:
 + Level 0.6 Fighting
 + Level 2.4 Dodging
 + Level 2.5 Stealth
 + Level 3.9 Spellcasting
 + Level 5.8 Necromancy


You had 6 spell levels left.
You knew the following spells:

 Your Spells              Type           Power      Damage    Failure   Level
a - Necrotise             Necr           100%       1d9       1%          1
b - Sublimation of Blood  Necr           28%        N/A       1%          2

Your spell library contained the following spells:

 Spells                   Type           Power      Damage    Failure   Level
 Vampiric Draining        Necr           28%        2d8       3%          3
 Animate Dead             Necr           28%        N/A       11%         4
 Wereblood                Tmut           4%         N/A       19%         2
 Agony                    Necr           28%        N/A       30%         5
 Summon Hydra             Summ           2%         N/A       100%        7


Dungeon Overview and Level Annotations

Branches:
Dungeon (2/15)

Altars:


Message History

The worm is almost dead.
You hit the worm but do no damage.
The worm is almost dead.
The worm bites you.
You hit the worm. You burn the worm.
You kill the worm!
You see here a worm corpse.
There is a stone staircase leading down here.
There is a stone staircase leading down here.
Assign waypoint to what number? (0-9)
Okay, then.
Okay, then.
You climb downwards.
The worm bites you.
There is a stone staircase leading up here.
You hit the worm. You burn the worm.
The worm is moderately wounded.
The worm barely misses you.
You hit the worm. You burn the worm.
The worm is moderately wounded.
The worm writhes in agony.
The worm barely misses you.
The worm writhes in agony.
The worm bites you!
You barely miss the worm.
The worm is severely wounded.
You are too injured to fight recklessly!
Casting: Necrotise (safe; 1% risk of failure)
Confirm with . or Enter, or press ? or * to list all spells.
Aiming: Necrotise (safe; 1% risk of failure)
Press: ? - help, Shift-Dir - straight line, f/p - worm
Aim: a worm (severely wounded, chance to affect: 88%)
The worm writhes in agony.
The worm bites you.
* * * LOW HITPOINT WARNING * * *
You hit the worm. You burn the worm.
The worm is almost dead.
Casting: Necrotise (safe; 1% risk of failure)
Confirm with . or Enter, or press ? or * to list all spells.
You don't know that spell.
You barely miss the worm.
The worm is almost dead.
The worm bites you!
You die...

#..>.....##.#.....
#........##.....##
#............#..#
#........###$#....
#..###...# #.##.##
#..# #.### #.##.#
####..###.# #.##.#
#.<.......#####.#...
#.$.@..#..>.........
#...w....##..##...#
#.....#....[......
#.....#.###..##...
##...##.# #..# .#
###......# #..# .# .
#.#...##.###.####.#...
#....)...).....w.....
##...#(..##)####.#...


You could see a worm.

Vanquished Creatures
  2 adders (D:2)
  A worm (D:1)
  A dart slug (D:1)
  3 ball pythons (D:1)
  3 endoplasms
  A giant cockroach (D:1)
  2 goblins (D:2)
  A hobgoblin (D:2)
  2 jackals (D:1)
  2 kobolds (D:1)
  A quokka (D:1)
  4 bats
  A frilled lizard (D:2)
  A rat (D:2)
25 creatures vanquished.

Vanquished Creatures (collateral kills)
  A ball python (D:2)
  A rat (D:1)
2 creatures vanquished.

Grand Total: 27 creatures vanquished

Notes
Turn   | Place    | Note
-------+----------+-------------------------------------------
     0 | D:1      | LennaLeFay the Deep Elf Necromancer began the quest for the
                  | Orb.
     0 | D:1      | Reached XP level 1. HP: 10/10 MP: 6/6
    98 | D:1      | Reached skill level 5 in Necromancy
   157 | D:1      | Found a faded altar of an unknown god.
   317 | D:1      | Reached XP level 2. HP: 15/15 MP: 5/8
   448 | D:1      | Learned a level 2 spell: Sublimation of Blood
  1028 | D:2      | Reached XP level 3. HP: 19/19 MP: 6/10
  1214 | D:2      | Slain by a worm

Illustrated notes

Levels and vault maps discovered:
D:1:      roderic_octagonal_star, layout_loops_ring, basic_ecumenical_altar,
          palyth_stone_intersect
D:2:      cheibrodos_old_hovel, layout_loops_ring

Skill      XL: |  1 |
---------------+----+-----
Necromancy     | 5 |  5.8
Fighting       | |  0.6
Dodging        | |  2.4
Stealth        | |  2.5
Spellcasting   | |  3.9

Action                     || total
---------------------------++-------
  Melee: Short sword       ||     2
         Dagger            ||    11
         Staff             ||     4
   Cast: Necrotise         ||    59
    Use: Potion            ||     2
         Scroll            ||     1
 Armour: Robe              ||     4
  Dodge: Dodged            ||    34

Table legend: (Time is in decaauts)
 A = Elapsed time spent in this place.
 B = Non-inter-level travel time spent in this place.
 C = Inter-level travel time spent in this place.
 D = Time resting spent in this place.
 E = Time spent auto-exploring this place.
 F = Levels seen in this place.
 G = Mean time per level.
                   A        B        C        D        E       F      G
               +--------+--------+--------+--------+--------+-----+--------+
         Total |   1213 |   1192 |     21 |      0 |    688 |   2 |  606.5 |
       Dungeon |   1213 |   1192 |     21 |      0 |    688 |   2 |  606.5 |
               +--------+--------+--------+--------+--------+-----+--------+

Top non-repeatable levels by time:
     D:1: 1053 daAuts
     D:2: 160 daAuts
